 Dungeon Crawl Stone Soup version 0.31-a0-165-g3f4f80340b (webtiles) character file.

Game seed: 10367301589955262836

354 qw the Chopper (level 6, -1/39 HPs)
             Began as a Gargoyle Fighter on June 13, 2023.
             Slain by Edmund
             ... wielding a +1 flail of draining
              (6 damage)
             ... on level 4 of the Dungeon.
             The game lasted 00:01:24 (2779 turns).

qw the Chopper (Gargoyle Fighter)                   Turns: 2779, Time: 00:01:25

Health: -1/39      AC: 11    Str: 21    XL:     6   Next: 62%
Magic:  6/6        EV:  9    Int:  9    God:
Gold:   40         SH:  7    Dex:  9    Spells: 5/5 levels left

rFire   + . .        Y - +0 war axe
rCold   . . .        e - +3 warlock's mirror {omnireflect}
rNeg    + . .        b - +0 scale mail
rPois   inf          (no helmet)
rElec   +            (no cloak)
rCorr   .            (no gloves)
SInv    .            (no boots)
Will    .....        a - amulet of faith Stlth
                     h - ring of protection from fire
HPRegen 0.26/turn    (no ring)
MPRegen 0.10/turn

%: reflection, faith
@: about to teleport
A: sickness immunity, AC +4, negative energy resistance 1, electricity
resistance, torment resistance 1, petrification resistance
a: no special abilities


You were on level 4 of the Dungeon.
You visited 1 branch of the dungeon, and saw 4 of its levels.

You collected 166 gold pieces.
You spent 126 gold pieces at shops.


Innate Abilities, Weirdness & Mutations

You are immune to sickness and miasma.
Your stone body is resilient. (AC +4)
You are immune to poison.
You resist negative energy. (rN+)
You are resistant to electric shocks. (rElec)
You are resistant to unholy torment.
You are immune to petrification.


   Skills:
 - Level 4.6 Fighting
 + Level 5.2 Axes
 - Level 3.2 Armour
 - Level 1.2 Dodging
 - Level 3.2 Shields


You had 5 spell levels left.
You didn't know any spells.
Your spell library was empty.

Inventory:

Hand Weapons
 s - the +0 mace "Bopneupa" {venom, rPois rCorr Int+2}
   (You found it on level 3 of the Dungeon)

   Int:       It affects your intelligence (+2).
   rPois:     It protects you from poison.
   rCorr:     It protects you from acid and corrosion.
 Y - a +0 war axe (weapon)
Armour
 b - a +0 scale mail (worn)
 e - the +3 warlock's mirror (worn) {omnireflect}
   (You acquired it on level 3 of the Dungeon)

   Omnireflect: It can block and reflect piercing ranged attacks and magical
   attacks against the wielder's willpower.
Jewellery
 a - an amulet of faith (around neck)
 f - a ring of protection from fire
 h - a ring of protection from fire (left hand)
Scrolls
 j - 4 scrolls of identify
 q - a scroll of noise {unknown}
 r - a scroll of brand weapon {unknown}
Potions
 c - a potion of mutation {unknown}
 d - 3 potions of might
 g - 5 potions of curing
 i - a potion of enlightenment {unknown}
 k - a potion of cancellation {unknown}
 l - a potion of degeneration {unknown}
 m - a potion of haste {unknown}
 o - a potion of lignification {unknown}
 p - a potion of invisibility {unknown}

Dungeon Overview and Level Annotations

Branches:
Dungeon (4/15)
 Temple: D:4-7

Altars:
Ashenzari
Gozag
Hepliaklqana
Trog

Shops:
D:4 *

Annotations:
D:4 Edmund


Message History

Edmund is moderately wounded.
Edmund hits you but does no damage.
You slash Edmund!
Edmund is heavily wounded.
Edmund says, "I'm quite good with sums, too."
Edmund misses you. Edmund barely misses you.
You barely miss Edmund.
Edmund is heavily wounded.
Edmund closely misses you.
You barely miss Edmund.
Edmund is heavily wounded.
Edmund closely misses you.
You closely miss Edmund.
Edmund is heavily wounded.
Edmund drinks a potion.
Edmund is healed!
You slash Edmund!
Edmund is severely wounded.
Edmund closely misses you.
Edmund hits you with a +1 flail of draining.
You hit Edmund.
Edmund is severely wounded.
Edmund hits you but does no damage.
You closely miss Edmund.
Edmund is severely wounded.
You block Edmund's attack.
You hit Edmund.
Edmund is severely wounded.
Edmund hits you with a +1 flail of draining!
Edmund hits you with a +1 flail of draining.
You barely miss Edmund.
Edmund is severely wounded.
Edmund hits you with a +1 flail of draining.
2778 ||| READING scroll of teleportation.
As you read the scroll of teleportation, it crumbles to dust.
You feel strangely unstable.
Edmund hits you with a +1 flail of draining.
You slash Edmund!
Edmund is almost dead.
Edmund hits you with a +1 flail of draining.
You die...

#..##'##... . #....#
#.>##..##.. #.
#....# #..#....##.
#..#....#
#.#..#....'##
#.#....#
#.#..##..##..
#......#
#.#...####...
#.....#
#.#.#.).<#... #..@.#
#.#.##...##)) #@#
#.#.##....#)#
#.####.#.##..#.#..
#....#.#.##..#.###
####...#.##.[#.# #
...........##..#.###
...............#...'
.........##.#....###
............'......'
........#####....###


You could see Edmund.

Vanquished Creatures
  Duvessa (D:4)
  A bullfrog (D:4)
  Dowan (D:4)
  2 orc wizards (D:3)
  3 adders
  A white imp (D:4)
  2 worms (D:2)
  A dart slug (D:1)
  An orc (D:3)
  7 ball pythons
  4 endoplasms
  4 giant cockroaches
  5 goblins
  2 hobgoblins
  4 quokkas
  3 bats
  3 frilled lizards
  6 kobolds
  2 rats
53 creatures vanquished.

Vanquished Creatures (others)
  A kobold (D:4)
1 creature vanquished.

Grand Total: 54 creatures vanquished

Notes
Turn   | Place    | Note
-------+----------+-------------------------------------------
     0 | D:1      | qw the Gargoyle Fighter began the quest for the Orb.
     0 | D:1      | Reached XP level 1. HP: 14/14 MP: 1/1
     0 | D:1      | 0 ||| qw: Version: 0.2-a-29-gc1b59c4
     0 | D:1      | 0 ||| qw: Game counter: 4744
     0 | D:1      | 0 ||| qw: Always use a shield: true
     0 | D:1      | 0 ||| qw: God list: Okawaru
     0 | D:1      | 0 ||| qw: Allow faded altars: false
     0 | D:1      | 0 ||| qw: Do Orc after D:15 true
     0 | D:1      | 0 ||| qw: Do second Lair branch before Depths: true
     0 | D:1      | 0 ||| qw: Lair rune preference: random
     0 | D:1      | 0 ||| qw: Plans: Normal, Zot:1-4, Slime:5, God:TSO, Crypt,
                  | Tomb, Abyss, Pan, Hells, Win
     0 | D:1      | 0 ||| PLANNING D:1-11
    41 | D:1      | Reached skill level 2 in Axes
   103 | D:1      | Reached XP level 2. HP: 18/19 MP: 2/2
   584 | D:1      | Reached skill level 3 in Axes
   747 | D:1      | 747 ||| UPGRADING to ring of protection from fire.
   748 | D:1      | 748 ||| READING scroll labelled FESEFO BIBYLI.
   759 | D:1      | 759 ||| READING scroll labelled DOUPTE XYSOLI.
   760 | D:1      | 760 ||| READING 2 scrolls labelled MANWON YRPHIL.
   761 | D:1      | 761 ||| DRINKING 3 dark potions.
   918 | D:2      | Reached XP level 3. HP: 16/23 MP: 3/3
  1171 | D:2      | Found a faded altar of an unknown god.
  1415 | D:2      | 1415 ||| UPGRADING to amulet of faith.
  1420 | D:2      | 1420 ||| READING scroll labelled CEYNGAEHOQ.
  1421 | D:2      | 1421 ||| READING scroll labelled EPPAL JABAONU.
  1452 | D:3      | Reached skill level 4 in Axes
  1452 | D:3      | Reached XP level 4. HP: 18/28 MP: 4/4
  1505 | D:3      | Found an opulent altar of Gozag.
  1650 | D:3      | Identified the +0 mace "Bopneupa" {venom, rPois rCorr
                  | Int+2}
  1652 | D:3      | 1652 ||| DROPPING +0 club.
  1765 | D:3      | Found a hazy altar of Hepliaklqana.
  1774 | D:3      | Found a bloodstained altar of Trog.
  1869 | D:3      | Found a broken altar of Ashenzari.
  1932 | D:3      | 1932 ||| READING scroll labelled YCRIGOUST.
  1933 | D:3      | 1933 ||| READING scroll labelled FAERETZEKI.
  1933 | D:3      | Identified a scroll of acquirement
  1933 | D:3      | 1933 ||| ACQUIRING +3 warlock's mirror {omnireflect}
  1933 | D:3      | Acquired the +3 warlock's mirror {omnireflect}
  1933 | D:3      | Found the +3 warlock's mirror {omnireflect}
  1935 | D:3      | 1935 ||| UPGRADING to +3 warlock's mirror {omnireflect}.
  1945 | D:3      | 1945 ||| DROPPING +0 buckler.
  1946 | D:3      | 1946 ||| READING scroll labelled TECHOMM OGEUM.
  1947 | D:3      | 1947 ||| READING scroll labelled ZAME VEBLI.
  2086 | D:4      | 2086 ||| READING 2 scrolls of identify.
  2086 | D:4      | 2086 ||| IDENTIFYING bubbling dark potion
  2087 | D:4      | 2087 ||| DROPPING potion of berserk rage.
  2094 | D:4      | 2094 ||| STAIRDANCE
  2139 | D:4      | 2139 ||| FLEEEEING.
  2140 | D:4      | 2140 ||| FLEEEEING.
  2141 | D:4      | 2141 ||| FLEEEEING.
  2142 | D:4      | 2142 ||| FLEEEEING.
  2143 | D:4      | 2143 ||| FLEEEEING.
  2144 | D:4      | 2144 ||| FLEEEEING.
  2145 | D:4      | 2145 ||| FLEEEEING.
  2146 | D:4      | 2146 ||| FLEEEEING.
  2147 | D:4      | 2147 ||| FLEEEEING.
  2148 | D:4      | 2148 ||| FLEEEEING.
  2149 | D:4      | 2149 ||| FLEEEEING.
  2151 | D:4      | 2151 ||| FLEEEEING.
  2152 | D:4      | 2152 ||| FLEEEEING.
  2153 | D:4      | 2153 ||| FLEEEEING.
  2154 | D:4      | 2154 ||| FLEEEEING.
  2155 | D:4      | 2155 ||| FLEEEEING.
  2156 | D:4      | 2156 ||| FLEEEEING.
  2161 | D:4      | 2161 ||| FLEEEEING.
  2166 | D:4      | HP: 2/28 [white imp/puff of frost (10)]
  2167 | D:4      | 2167 ||| READING scroll of teleportation.
  2222 | D:4      | 2222 ||| Stepping ~*~*~tactically~*~*~ (stealth).
  2455 | D:4      | Found Elafeaw's Assorted Antiques.
  2458 | D:4      | 2458 ||| BUYING 2 potions of curing (126 gold).
  2458 | D:4      | Bought 2 potions of curing for 126 gold pieces
  2458 | D:4      | 2458 ||| SHOPLISTING fluorescent wand (84 gold, have 5).
  2458 | D:4      | 2458 ||| SHOPLISTING glowing copper wand (84 gold, have 5).
  2458 | D:4      | 2458 ||| SHOPLISTING scroll labelled VYSUCU KATTI (21 gold,
                  | have 5).
  2458 | D:4      | 2458 ||| SHOPLISTING scroll of identify (42 gold, have 5).
  2470 | D:4      | 2470 ||| Stepping ~*~*~tactically~*~*~ (hiding).
  2478 | D:4      | 2478 ||| Stepping ~*~*~tactically~*~*~ (stealth).
  2486 | D:4      | Noticed a bullfrog
  2487 | D:4      | 2487 ||| Stepping ~*~*~tactically~*~*~ (stealth).
  2491 | D:4      | Noticed Duvessa
  2494 | D:4      | Noticed Dowan
  2496 | D:4      | Killed a bullfrog
  2497 | D:4      | Reached skill level 5 in Axes
  2497 | D:4      | Reached XP level 5. HP: 23/32 MP: 5/5
  2505 | D:4      | Killed Duvessa
  2506 | D:4      | Reached XP level 6. HP: 12/39 MP: 6/6
  2512 | D:4      | 2512 ||| Stepping ~*~*~tactically~*~*~ (hiding).
  2522 | D:4      | Killed Dowan
  2523 | D:4      | Reached skill level 1 in Dodging
  2588 | D:4      | 2588 ||| FLEEEEING.
  2621 | D:4      | 2621 ||| Stepping ~*~*~tactically~*~*~ (stealth).
  2625 | D:4      | 2625 ||| Stepping ~*~*~tactically~*~*~ (stealth).
  2626 | D:4      | 2626 ||| Stepping ~*~*~tactically~*~*~ (stealth).
  2757 | D:4      | Noticed Edmund
  2777 | D:4      | HP: 8/39 [Edmund/+1 flail of draining (3)]
  2778 | D:4      | 2778 ||| READING scroll of teleportation.
  2779 | D:4      | Slain by Edmund

Levels and vault maps discovered:
D:1:      dpeg_arrival_shelter, layout_loops_ring, serial_glass,
          glass_columns_a, glass_columns_a
D:2:      layout_loops_cross, ebering_ecumenical_altar_box
D:3:      layout_rooms, nicolae_gozag_seed_capital,
          mainiacjoe_overflow_catwalk_spiral, nicolae_overflow_hidden_temple
D:4:      minmay_bubble_buster, layout_basic, serial_shops,
          kennysheep_mini_moat, grunt_decor_junction, uniq_edmund, uniq_duvessa,
          uniq_natasha

Skill      XL: |  1  2  3  4  5  6 |
---------------+-------------------+-----
Axes           | 2 3 4 5 |  5.2
Fighting       | 4 |  4.6
Dodging        | 1 |  1.2
Armour         | |  3.2
Shields        | |  3.2

Action                     |  1- 3 |  4- 6 || total
---------------------------+-------+-------++-------
  Melee: War axe           |    98 |   115 ||   213
    Use: Scroll            |     5 |     7 ||    12
         Potion            |     1 |       ||     1
 Armour: Scale mail        |    52 |    44 ||    96
  Dodge: Dodged            |    45 |    41 ||    86
  Block: Buckler           |    20 |    36 ||    56
         Reflection        |       |     2 ||     2

Table legend:
 A = Non-vault XP
 B = Vault XP
 C = Vault XP percentage of total XP
 D = Non-vault monster count
 E = Vault monster count
 F = Vault count percentage of total count
                 A         B        C        D         E       F
            +---------+---------+-------+---------+---------+-------
      Total |     157 |     349 |  69.0 |      37 |      16 |  30.2
            +---------+---------+-------+---------+---------+-------
        D:1 |      31 |       0 |   0.0 |      17 |       0 |   0.0
        D:2 |      18 |       0 |   0.0 |       7 |       0 |   0.0
        D:3 |      93 |       0 |   0.0 |       8 |       0 |   0.0
        D:4 |      15 |     349 |  95.9 |       5 |      16 |  76.2
            +---------+---------+-------+---------+---------+-------
